 Dungeon Crawl Stone Soup version 0.32-a0-450-g080537f31e (webtiles) character file.

Game seed: 330123249202781896

74 cforsyth the Slasher (level 4, -4/35 HPs)
             Began as a Coglin Gladiator on Feb 24, 2024.
             Slain by Grinder (9 damage)
             ... on level 3 of the Dungeon.
             The game lasted 00:01:59 (2142 turns).

cforsyth the Slasher (Coglin Gladiator)             Turns: 2142, Time: 00:01:59

Health: -4/35      AC:  9    Str: 14    XL:     4   Next: 30%
Magic:  4/4        EV:  7    Int:  8    God:
Gold:   120        SH:  0    Dex: 17    Spells: 3/3 levels left

rFire   . . .        a - +0 long sword {Ankhesenamen}
rCold   . . .        (no shield)
rNeg    . . .        o - +0 chain mail
rPois   .            c - +0 helmet
rElec   .            (no cloak)
rCorr   .            (no gloves)
SInv    .            (no boots)
Will    .....        (no amulet) Stlth
                     (no ring)
HPRegen 0.25/turn    (no ring)
MPRegen 0.09/turn

%: no passive effects
@: immotile, revving
A: off-hand wielding, slow wielding, warmup strikes, legs shutdown
a: no special abilities


You were on level 3 of the Dungeon.
You visited 1 branch of the dungeon, and saw 3 of its levels.

You collected 120 gold pieces.


Innate Abilities, Weirdness & Mutations

You can wield a second weapon in your off-hand.
It takes a long time for you to wield or remove held weapons.
Your first few attacks do less damage.
Attacking and casting redirects power from your legs.


   Skills:
 + Level 3.0 Fighting
 + Level 3.7 Long Blades
 - Level 1.7 Throwing
 + Level 1.7 Armour
 - Level 2.6 Dodging


You had 3 spell levels left.
You didn't know any spells.
Your spell library contained the following spells:

 Spells                   Type           Power      Damage    Failure   Level
 Malign Gateway           Summ/Tloc      0%         N/A       100%        7
 Summon Horrible Things   Summ           0%         N/A       100%        8

Inventory:

Hand Weapons
 a - a +0 long sword (weapon) {Ankhesenamen}
Missiles
 d - 3 throwing nets (quivered) {=f}
 e - a javelin
Armour
 b - a +0 leather armour
 c - a +0 helmet (worn)
 k - a +1 pair of gloves
 o - a +0 chain mail (worn)
Jewellery
 q - an amulet of faith {!P}
Wands
 j - a wand of flame (16)
 p - a wand of polymorph (11)
Scrolls
 f - 5 scrolls of identify {unknown}
 h - 4 scrolls of enchant weapon {unknown}
 l - 2 scrolls of teleportation {unknown}
 n - a scroll of blinking {unknown}
 r - a scroll of enchant armour {unknown}
Potions
 g - 5 potions of curing {unknown}
 i - a potion of brilliance {unknown}
 m - 2 potions of enlightenment {unknown}

Dungeon Overview and Level Annotations

Branches:
Dungeon (3/15)

Altars:

Annotations:
D:3 Grinder

.# #.# #.# .### #.#
#.# ...# #.# #.#
##.######.# #.#
.....)....# #.#
#..######## #.#
#..# #.# #..# #5#
...#############@##
..................#
##.#############.##
##.# .... ...#
###### ####


You could see Grinder.


Message History

You slash Grinder!
Grinder is moderately wounded.
Grinder blinks!
Unknown command.
You cannot move.
Unknown command.
You cannot move.
Unknown command.
You are no longer unable to travel.
Grinder hits you.
You writhe in agony.
* * * LOW HITPOINT WARNING * * *
You slash Grinder!
Grinder is heavily wounded.
Grinder hits you!
* * * LOW HITPOINT WARNING * * *
You writhe in agony.
* * * LOW HITPOINT WARNING * * *
Unknown command.
You hit Grinder.
Grinder is heavily wounded.
Grinder hits you.
* * * LOW HITPOINT WARNING * * *
You writhe in agony.
* * * LOW HITPOINT WARNING * * *
Unknown command.
You barely miss Grinder.
Grinder is heavily wounded.
Grinder hits you!
You die...
Grinder says, "Hey, I wasn't done torturing you yet!"

Skill      XL: |  1  2  3 |
---------------+----------+-----
Armour         | 1 |  1.7
Fighting       | 3 |  3.0
Long Blades    | |  3.7
Throwing       | |  1.7
Dodging        | |  2.6

Action                     |  1- 3 |  4- 6 || total
---------------------------+-------+-------++-------
  Melee: Long sword        |    97 |    10 ||   107
   Stab: Sleeping          |     3 |       ||     3
 Armour: Leather armour    |    61 |       ||    61
         Chain mail        |     2 |     8 ||    10
  Dodge: Dodged            |    62 |     2 ||    64

Levels and vault maps discovered:
D:1:      scummos_arrival_gate, layout_loops_ring
D:2:      layout_loops_cross, serial_bayou_pond_e
D:3:      layout_loops_ring, marbit_many_paths, uniq_grinder, uniq_jessica

Notes
Turn   | Place    | Note
-------+----------+-------------------------------------------
     0 | D:1      | cforsyth the Coglin Gladiator began the quest for the Orb.
     0 | D:1      | Reached XP level 1. HP: 16/16 MP: 1/1
   180 | D:1      | Reached XP level 2. HP: 13/22 MP: 2/2
   539 | D:1      | Reached skill level 1 in Armour
   851 | D:2      | Reached XP level 3. HP: 24/28 MP: 3/3
  1904 | D:3      | Noticed Jessica
  1908 | D:3      | Killed Jessica
  1909 | D:3      | Reached skill level 3 in Fighting
  1909 | D:3      | Reached XP level 4. HP: 22/35 MP: 4/4
  2129 | D:3      | Noticed Grinder
  2132 | D:3      | Paralysed by Grinder for 3 turns
  2142 | D:3      | Slain by Grinder

Vanquished Creatures
  Jessica (D:3)
  An adder (D:2)
  A dart slug (D:1)
  2 ribbon worms (D:2)
  An orc (D:3)
  4 endoplasms
  A giant cockroach (D:3)
  5 goblins
  A hobgoblin (D:2)
  4 kobolds
  A quokka (D:1)
  4 bats
  5 frilled lizards (D:1)
  2 rats (D:1)
33 creatures vanquished.

Table legend: (Time is in decaauts)
 A = Elapsed time spent in this place.
 B = Non-inter-level travel time spent in this place.
 C = Inter-level travel time spent in this place.
 D = Time resting spent in this place.
 E = Time spent auto-exploring this place.
 F = Levels seen in this place.
 G = Mean time per level.
                   A        B        C        D        E       F      G
               +--------+--------+--------+--------+--------+-----+--------+
         Total |   2169 |   2034 |    135 |      0 |   1714 |   3 |  723.0 |
       Dungeon |   2169 |   2034 |    135 |      0 |   1714 |   3 |  723.0 |
               +--------+--------+--------+--------+--------+-----+--------+

Top non-repeatable levels by time:
     D:2: 932 daAuts
     D:1: 853 daAuts
     D:3: 383 daAuts

Table legend:
 A = Non-vault XP
 B = Vault XP
 C = Vault XP percentage of total XP
 D = Non-vault monster count
 E = Vault monster count
 F = Vault count percentage of total count
                 A         B        C        D         E       F
            +---------+---------+-------+---------+---------+-------
      Total |      70 |      37 |  34.6 |      32 |       1 |   3.0
            +---------+---------+-------+---------+---------+-------
        D:1 |      28 |       0 |   0.0 |      18 |       0 |   0.0
        D:2 |      35 |       0 |   0.0 |      11 |       0 |   0.0
        D:3 |       7 |      37 |  84.1 |       3 |       1 |  25.0
            +---------+---------+-------+---------+---------+-------
